 Dungeon Crawl Stone Soup version 0.18.1-47-g9310371 (webtiles) character file.

155 Implojin the Ruffian (level 5, -7/50 HPs)
             Began as a Troll Fighter on June 22, 2016.
             Mangled by a gnoll
             ... wielding a +0 spear
              (11 damage)
             ... on level 5 of the Dungeon.
             The game lasted 00:02:29 (368 turns).

Implojin the Ruffian (Troll Fighter)                 Turns: 368, Time: 00:02:30

Health: -7/50      AC:  5    Str: 26 (29) XL:     5   Next: 14%
Magic:  4/4        EV:  7    Int:  1 (4)  God:
Gold:   49         SH:  8    Dex:  7 (10) Spells: 0 memorised, 4 levels left

rFire  . . .     SeeInvis .       - Unarmed
rCold  . . .     Gourm    +     a - +0 robe
rNeg   . . .     Faith    .     b - +0 shield
rPois  .         Spirit   .     (helmet restricted)
rElec  .         Dismiss  .     (no cloak)
rCorr  .         Reflect  .     (gloves unavailable)
SustAt .         Harm     .     (boots unavailable)
MR     .....                    (no amulet)
Stlth  +.........               (no ring)
                                (no ring)

@: mighty, not resistant to hostile enchantments, very unstealthy
A: unfitting armour, claws 3, fast metabolism 3, gourmand, regeneration 2,
shaggy fur 1, tough skin 2
a: no special abilities


You were on level 5 of the Dungeon.
You were full.

You visited 1 branch of the dungeon, and saw 5 of its levels.

You collected 49 gold pieces.

Inventory:

Armour
 a - a +0 robe (worn)
 b - a +0 shield (worn)
Scrolls
 g - 2 scrolls of remove curse {unknown}
 h - a scroll of identify {unknown}
 i - 2 scrolls of enchant armour {unknown}
 l - a scroll of enchant weapon {unknown}
Potions
 e - a potion of degeneration
 j - a potion of flight {unknown}
 k - a potion of invisibility {unknown}
Comestibles
 d - 3 bread rations
 f - a meat ration
 m - a slice of pizza


   Skills:
 - Level 2.4 Fighting
 - Level 2.4 Dodging
 - Level 2.4 Shields
 * Level 5.4 Unarmed Combat


You had 4 spell levels left.
You didn't know any spells.

Dungeon Overview and Level Annotations

Branches:
Dungeon (5/15)
 Temple: D:4-7

Altars:
Trog


Innate Abilities, Weirdness & Mutations

You are too large for most types of armour.
You have claws for hands.
Your metabolism is lightning-fast.
You like to eat raw meat.
You heal very quickly.
You are covered in fur (AC +1).
You have very tough skin (AC +2).


Message History

The gnoll hits you with a halberd!
* * * LOW HITPOINT WARNING * * *
You block the gnoll's attack. x2
The gnoll barely misses you. You block the gnoll's attack. x2
You block the gnoll's attack. The gnoll misses you.
The gnoll throws a throwing net.
The throwing net hits you.
You become entangled in the net!
The gnoll hits you from afar with a spear.
* * * LOW HITPOINT WARNING * * *
You see here a throwing net.
You tear a large gash into the net.
The gnoll hits you from afar with a spear.
* * * LOW HITPOINT WARNING * * *
You shred the net and break free! The gnoll completely misses you.
You block the gnoll's attack. x2
Found a stone staircase leading up.
You scratch the gnoll.
The gnoll is moderately wounded.
The gnoll hits you with a club!
* * * LOW HITPOINT WARNING * * *
You claw the gnoll!
You kill the gnoll!
You have reached level 5!
You block the gnoll's attack.
Drink which item? (? for menu, Esc to quit)
It was a potion of degeneration.
There was something very wrong with that liquid.
You feel weakened.
You feel dopey.
You feel clumsy. The gnoll barely misses you.
Drink which item? (? for menu, Esc to quit)
You feel very mighty all of a sudden. The gnoll hits you but does no damage.
You block the gnoll's attack.
You mangle the gnoll!!
You kill the gnoll!
You block the gnoll's attack.
You see here a halberd.
You barely miss the gnoll. The gnoll hits you with a spear!
* * * LOW HITPOINT WARNING * * *
You scratch the gnoll but do no damage. The gnoll hits you with a spear!
You die...

######
#######.g..#
#.....#.#@.#
#..<..#g#)##
#....g#....#
#.........##
#..........#
#.....###..#
#..>..# #.##
####### #.#
#.#


You could see a gnoll.

Vanquished Creatures
  A jelly (D:4)
  2 worker ants (D:4)
  The ghost of Implojin the Ruffian, a weakling TrFi (D:3)
  3 gnolls
  2 adders
  An orc (D:4)
  A giant cockroach (D:4)
  A goblin (D:3)
  2 hobgoblins
  2 kobolds (D:3)
  A quokka (D:3)
  A bat (D:2)
  3 rats
21 creatures vanquished.

Notes
Turn   | Place    | Note
--------------------------------------------------------------
     0 | D:1      | Implojin the Troll Fighter began the quest for the Orb.
     0 | D:1      | Reached XP level 1. HP: 22/22 MP: 0/0
    34 | D:2      | Reached XP level 2. HP: 14/29 MP: 1/1
    89 | D:3      | Noticed Implojin's ghost (weakling TrFi)
    95 | D:3      | Killed Implojin's ghost
    95 | D:3      | Reached skill level 3 in Unarmed Combat
    95 | D:3      | Reached XP level 3. HP: 36/36 MP: 2/2
   212 | D:4      | Reached skill level 4 in Unarmed Combat
   212 | D:4      | Reached XP level 4. HP: 44/44 MP: 3/3
   236 | D:3      | Found a faded altar to an unknown god.
   272 | D:4      | Found a bloodstained altar of Trog.
   318 | D:5      | Entered Level 5 of the Dungeon
   332 | D:4      | Reached skill level 5 in Unarmed Combat
   358 | D:5      | Reached XP level 5. HP: 5/50 MP: 4/4
   368 | D:5      | Mangled by a gnoll

Skill      XL: |  1  2  3  4 |
---------------+-------------+-----
Unarmed Combat | 3 4 5 |  5.4
Fighting       | |  2.4
Dodging        | |  2.4
Shields        | |  2.4

Action                   |  1- 3 |  4- 6 || total
-------------------------+-------+-------++-------
Melee: Unarmed           |    43 |    26 ||    69
  Use: Potion            |       |     2 ||     2
 Stab: Sleeping          |       |     1 ||     1
  Eat: Chunk             |     6 |       ||     6
Armor: Robe              |    15 |     5 ||    20
Dodge: Dodged            |    17 |     8 ||    25
Block: Shield            |    27 |    20 ||    47

Table legend:
 A = Turns spent in this place as a percentage of turns spent in the entire game.
 B = Non-inter-level travel turns spent in this place as a percentage of non-inter-level travel turns spent in the entire game.
 C = Inter-level travel turns spent in this place as a percentage of turns spent in this place.
 D = Turns resting spent in this place as a percentage of non-inter-level travel turns spent in this place.
 E = Turns spent auto-exploring this place as a percentage of non-inter-level travel turns spent in this place.
 F = Non-inter-level travel turns spent in this place divided by the number of levels of this place that you've seen.
                   A       B       C       D       E      F
               +-------+-------+-------+-------+-------+----------------------
         Total | 100.0 | 100.0 |   0.0 |   0.0 |   0.0 |  67.8
       Dungeon | 100.0 | 100.0 |   0.0 |   0.0 |   0.0 |  67.8
               +-------+-------+-------+-------+-------+----------------------

Table legend:
 A = Kills in this place as a percentage of kills in entire the game.
 B = Kills by you in this place as a percentage of kills by you in the entire game.
 C = Kills by friends in this place as a percentage of kills by friends in the entire game.
 D = Other kills in this place as a percentage of other kills in the entire game.
 E = Experience gained in this place as a percentage of experience gained in the entire game.
 F = Experience gained in this place divided by the number of levels of this place that you have seen.
                   A       B       C       D       E      F
               +-------+-------+-------+-------+-------+----------------------
         Total | 100.0 | 100.0 |  -nan |  -nan | 100.0 |  44.4
       Dungeon | 100.0 | 100.0 |  -nan |  -nan | 100.0 |  44.4
               +-------+-------+-------+-------+-------+----------------------
